 Dungeon Crawl Stone Soup version 0.28-a0-1387-g3a22ab9bdc (webtiles) character file.

Game seed: 6556889514902907881

4926 Delamore the Basher (level 10, -10/58 HPs)
             Began as a Gargoyle Fighter on Jan 2, 2022.
             Was an Initiate of Gozag.
             Mangled by a boulder beetle (52 damage)
             ... on level 8 of the Dungeon.
             The game lasted 00:14:17 (10918 turns).

Delamore the Basher (Gargoyle Fighter)             Turns: 10918, Time: 00:14:18

Health: -10/58     AC: 22    Str: 23    XL:     10   Next: 52%
Magic:  10/10      EV:  9    Int: 10    God:    Gozag
Gold:   969        SH:  4    Dex:  9    Spells: 9/9 levels left

rFire   . . .      SeeInvis .   d - +4 mace
rCold   . . .      Faith    .   c - +0 buckler
rNeg    + + .      Spirit   .   b - +5 scale mail of Rammaurph {Fly}
rPois   ∞          Reflect  .   (no helmet)
rElec   +          Harm     .   (no cloak)
rCorr   .          Rampage  .   h - +0 pair of gloves
Will    +....      Clarity  +   (no boots)
Stlth   ..........              x - amulet of magic regeneration
HPRegen 0.19/turn               o - ring of positive energy
MPRegen 0.52/turn               f - ring of willpower

@: gold aura, flying
A: sickness immunity, AC +7, negative energy resistance 1, electricity
resistance, torment resistance 1, petrification resistance, iridescent scales 1,
clarity
a: Renounce Religion, Potion Petition, Call Merchant, Bribe Branch


You were on level 8 of the Dungeon.
You worshipped Gozag.
Gozag was pleased with you.
You visited 2 branches of the dungeon, and saw 9 of its levels.

You collected 1098 gold pieces.
You paid 129 gold pieces to Gozag.

Inventory:

Hand Weapons
 d - a +4 mace (weapon)
 k - a +1 mace of holy wrath
Missiles
 q - 3 curare-tipped darts (quivered)
 w - 6 boomerangs
Armour
 b - the +5 scale mail of Rammaurph (worn) {Fly}
   (You found it on level 7 of the Dungeon)

   Fly:       It grants you flight.
 c - a +0 buckler (worn)
 h - a +0 pair of gloves (worn)
 i - a +0 cloak
Jewellery
 f - a ring of willpower (right hand)
 o - a ring of positive energy (left hand)
 u - a ring of positive energy
 x - an amulet of magic regeneration (around neck)
Wands
 n - a wand of iceblast (9)
Scrolls
 e - 2 scrolls of blinking
 g - 3 scrolls of teleportation
 j - 3 scrolls of noise
 l - a scroll of holy word
 p - a scroll of fear
 v - a scroll of immolation
 y - 3 scrolls of fog
Potions
 a - a potion of curing
 m - a potion of flight
 r - 2 potions of degeneration
 s - a potion of invisibility
Miscellaneous
 t - a phantom mirror (inert)


   Skills:
 + Level 4.8 Fighting
 - Level 14.0 Maces & Flails
 + Level 2.6 Throwing
 + Level 4.8 Armour
 - Level 4.0 Shields


You had 9 spell levels left.
You didn't know any spells.
Your spell library contained the following spells:

 Spells                   Type           Power      Damage    Failure   Level
 Pain                     Necr           0%         1d4       67%         1
 Corpse Rot               Necr/Air       0%         N/A       80%         2
 Ensorcelled Hibernation  Hex/Ice        0%         N/A       80%         2
 Passwall                 Tmut/Erth      0%         N/A       80%         2
 Gell's Gravitas          Tloc           0%         N/A       95%         3
 Ignite Poison            Fire/Tmut/Pois 0%         N/A       95%         3
 Mephitic Cloud           Conj/Pois/Air  0%         N/A       95%         3
 Spider Form              Tmut/Pois      0%         N/A       95%         3
 Swiftness                Air            0%         N/A       95%         3
 Teleport Other           Tloc           0%         N/A       95%         3
 Dispel Undead            Necr           0%         3d6       100%        4
 Hailstorm                Conj/Ice       0%         3d3       100%        4
 Ice Form                 Ice/Tmut       0%         N/A       100%        4
 Summon Lightning Spire   Summ/Air       0%         N/A       100%        4
 Agony                    Necr           0%         N/A       100%        5
 Excruciating Wounds      Necr           0%         N/A       100%        5
 Freezing Cloud           Conj/Ice/Air   0%         6-21      100%        5
 Death Channel            Necr           0%         N/A       100%        6
 Dispersal                Tloc           0%         N/A       100%        6
 Simulacrum               Ice/Necr       0%         N/A       100%        6
 Storm Form               Tmut/Air       0%         N/A       100%        7
 Disjunction              Tloc           0%         N/A       100%        8
 Maxwell's Capacitive Co  Air            0%         ∞         100%        8


Dungeon Overview and Level Annotations

Branches:
Dungeon (8/15)             Temple (1/1) D:5
   Lair: D:8-11

Altars:
Dithmenos
Elyvilon
Fedhas
Gozag
Makhleb
Nemelex Xobeh
Okawaru
Qazlal
Ru
Trog
Uskayaw
Vehumet
Zin
The Shining One

Shops:
D:7 [

Annotations:
D:4 1 runed translucent door, fly's ghost, amateur DgTm


Innate Abilities, Weirdness & Mutations

You are immune to sickness and miasma.
Your stone body is resilient. (AC +7)
You are immune to poison.
You resist negative energy. (rN+)
You are resistant to electric shocks. (rElec)
You are resistant to unholy torment.
You are immune to petrification.
You are partially covered in iridescent scales. (AC +2)
You possess an exceptional clarity of mind.


Message History

A boulder beetle comes into view.
The howler monkey hits you but does no damage.
You sock the howler monkey!
You kill the howler monkey!
You block the howler monkey's attack.
You sock the howler monkey!
The howler monkey is heavily wounded.
The howler monkey misses you.
You hit the howler monkey.
The howler monkey is severely wounded.
You block the howler monkey's attack.
You hit the howler monkey.
The howler monkey is almost dead.
The howler monkey hoots and howls with incredible vigour!
You barely miss the howler monkey.
The howler monkey is almost dead.
The howler monkey hits you.
You hit the howler monkey.
The howler monkey is almost dead.
The howler monkey hits you but does no damage.
You hit the howler monkey.
The howler monkey is almost dead.
A sky beast comes into view.
You hit the howler monkey.
You kill the howler monkey!
The sky beast is distracted by your dazzling golden aura.
You hit the boulder beetle but do no damage.
The boulder beetle bites you!
You hit the boulder beetle but do no damage.
The boulder beetle leaps!
Things that are here:
4 gold pieces; a +0 short sword; a stone The boulder beetle curls into a ball and begins rolling!
Items here: $ (( ))).
You see here 6 gold pieces.
You hit the boulder beetle but do no damage.
The boulder beetle hits you!!!
Ouch! That really hurt!
You die...
Your body crumbles into a pile of gold.

## ###. .###... .... ..#
....#. ..# ... #..#. #.##
#.# #.... #..#########.#
####....###..##.....##.#
....Y.....$.$##.....##.#
.......#..$.$$@B°...##.###
.......$.###$##$$....:...#
######.#..##.##......#.#.#
#.......#######.#...#
####.#### #.###.# #.#
#.###.# #.####### #.....#
#.......########.#
#..(.##.#........#


You could see a boulder beetle (rolling).

Vanquished Creatures
  A deep elf pyromancer (D:7)
  A cyclops (D:7)
  2 steam dragons
  Menkaure (D:4)
  An acid dragon (D:7)
  A water moccasin (D:7)
  2 orc warriors (D:7)
  2 ice beasts
  2 black bears
  A necrophage (D:6)
  6 centaurs
  A phantom (D:4)
  2 kobold brigands
  2 bullfrogs (D:7)
  A gnoll sergeant (D:7)
  2 wyvern skeletons (D:7)
  3 scorpions
  2 water moccasin skeletons (D:4)
  6 killer bees (D:6)
  An electric eel (D:7)
  3 howler monkeys (D:8)
  6 wights
  2 centaur zombies (D:7)
  A wyvern simulacrum (D:7)
  9 hounds
  5 orc priests
  2 centaur skeletons
  A bullfrog skeleton (D:7)
  5 orc wizards
  3 iguanas
  A killer bee zombie (D:6)
  A centaur simulacrum (D:7)
  A hound skeleton (D:3)
  A howler monkey zombie (D:7)
  A gnoll (D:1)
  2 adders (D:3)
  A shadow imp (D:6)
  4 white imps
  An ufetubus (D:7)
  2 worms
  2 dart slugs (D:2)
  11 orcs
  5 ball pythons
  9 endoplasms
  2 giant cockroaches
  3 goblins
  2 hobgoblins
  3 jackals (D:1)
  11 kobolds
  3 quokkas
  9 bats
  4 frilled lizards
  4 rats
160 creatures vanquished.

Vanquished Creatures (others)
  A yak (D:7)
  11 plants (D:7)
12 creatures vanquished.

Grand Total: 172 creatures vanquished

Notes
Turn   | Place    | Note
-------+----------+-------------------------------------------
     0 | D:1      | Delamore the Gargoyle Fighter began the quest for the Orb.
     0 | D:1      | Reached XP level 1. HP: 14/14 MP: 1/1
     2 | D:1      | Noticed an elf
     2 | D:1      | Noticed a minotaur
     4 | D:1      | Noticed an octopode
     8 | D:1      | Noticed a vine stalker
     8 | D:1      | Noticed a tengu
    10 | D:1      | Noticed a vampire
    12 | D:1      | Noticed a formicid
    12 | D:1      | Noticed a troll
    14 | D:1      | Noticed an ogre
    14 | D:1      | Noticed a gargoyle
    16 | D:1      | Noticed a draconian
    16 | D:1      | Noticed a spriggan
    18 | D:1      | Noticed a merfolk
    20 | D:1      | Noticed a dwarf
    20 | D:1      | Noticed a demigod
    22 | D:1      | Noticed a demonspawn
    22 | D:1      | Noticed a ghoul
    24 | D:1      | Noticed a felid
    24 | D:1      | Noticed a naga
    26 | D:1      | Noticed a human
   216 | D:1      | Reached XP level 2. HP: 10/19 MP: 2/2
   435 | D:1      | Reached XP level 3. HP: 21/23 MP: 3/3
   595 | D:1      | Reached skill level 3 in Maces & Flails
  1024 | D:2      | HP: 1/23 [frozen (5)]
  1455 | D:2      | Reached XP level 4. HP: 25/28 MP: 4/4
  1675 | D:3      | Found a bloodstained altar of Trog.
  1677 | D:3      | Found a shadowy altar of Dithmenos.
  1677 | D:3      | Found a radiant altar of Vehumet.
  1874 | D:3      | Noticed a centaur
  1883 | D:3      | Killed a centaur
  1884 | D:3      | Reached skill level 4 in Maces & Flails
  1884 | D:3      | Reached XP level 5. HP: 24/32 MP: 5/5
  2164 | D:3      | Reached skill level 5 in Maces & Flails
  2956 | D:4      | Reached skill level 6 in Maces & Flails
  2956 | D:4      | Reached XP level 6. HP: 30/37 MP: 6/6
  3040 | D:4      | Noticed Menkaure
  3055 | D:4      | Killed Menkaure
  3288 | D:4      | Found a runed translucent door.
  3290 | D:4      | Noticed fly's ghost (amateur DgTm)
  4033 | D:4      | Reached skill level 7 in Maces & Flails
  4033 | D:4      | Reached XP level 7. HP: 11/41 MP: 7/7
  4422 | D:5      | Entered Level 5 of the Dungeon
  4895 | D:5      | Reached skill level 8 in Maces & Flails
  5175 | D:5      | Found a staircase to the Ecumenical Temple.
  5331 | Temple   | Entered the Ecumenical Temple
  5492 | Temple   | Became a worshipper of Gozag Ym Sagoz the Greedy
  5696 | D:6      | Gained mutation: Armour fits poorly on your strangely
                  | shaped body. [potion of mutation]
  5696 | D:6      | Gained mutation: You are agile. (Dex +2) [potion of
                  | mutation]
  5698 | D:6      | HP: 2/41 [killer bee (6)]
  5706 | D:6      | Reached XP level 8. HP: 16/46 MP: 8/8
  5708 | D:6      | Reached skill level 9 in Maces & Flails
  6046 | D:6      | Lost mutation: Armour fits poorly on your strangely shaped
                  | body. [potion of mutation]
  6046 | D:6      | Lost mutation: You are agile. (Dex +2) [potion of mutation]
  6046 | D:6      | Gained mutation: You possess an exceptional clarity of
                  | mind. [potion of mutation]
  6046 | D:6      | Gained mutation: You are robust. (+10% HP) [potion of
                  | mutation]
  6046 | D:6      | Lost mutation: You are robust. (+10% HP) [potion of
                  | mutation]
  6046 | D:6      | Gained mutation: You are partially covered in iridescent
                  | scales. (AC +2) [potion of mutation]
  6385 | D:6      | Reached skill level 10 in Maces & Flails
  6876 | D:6      | Found a glowing golden altar of the Shining One.
  7162 | D:6      | Reached skill level 11 in Maces & Flails
  7321 | D:6      | Reached XP level 9. HP: 51/51 MP: 9/9
  7756 | D:7      | Identified the +5 scale mail of Rammaurph {Fly}
  7925 | D:7      | Reached skill level 12 in Maces & Flails
  8226 | D:7      | Noticed a deep elf pyromancer
  8241 | D:7      | Killed a deep elf pyromancer
  8573 | D:7      | Found Daycve's Antique Armour Shop.
  8583 | D:7      | Reached skill level 13 in Maces & Flails
  9114 | D:7      | Reached XP level 10. HP: 56/56 MP: 10/10
  9138 | D:7      | Noticed a cyclops
  9373 | D:7      | Reached skill level 14 in Maces & Flails
  9699 | D:7      | Reached skill level 1 in Throwing
  9789 | D:7      | Killed a cyclops
 10904 | D:8      | Noticed a boulder beetle
 10918 | D:8      | Mangled by a boulder beetle

Illustrated notes

Levels and vault maps discovered:
D:1:      kb_arrival_jail, layout_rooms, minmay_misc_feat_more_columns,
          minmay_tiny_reverse_x
D:2:      layout_rooms, minmay_unequal
D:3:      layout_basic, grunt_temple_overflow_open
D:4:      layout_loops_ring, ebering_ghost_sewer_d, uniq_menkaure
D:5:      layout_cave_pools, minmay_temple_entry_nine_rooms
D:6:      layout_loops_cross, mainiacjoe_overflow_24_doors
D:7:      nzn_winding_woodlands_large [nzn_winding_woodlands_5x5_perimeter,
          nzn_winding_woodlands_5x15_default, nzn_winding_woodlands_hourglass,
          nzn_winding_woodlands_center_garden,
          nzn_winding_woodlands_15x15_boxy_spiral,
          nzn_winding_woodlands_center_triple_pond,
          nzn_winding_woodlands_5x5_checkerboard,
          nzn_winding_woodlands_5x15_pathside_ponds,
          nzn_winding_woodlands_5x5_default], layout_basic, serial_shops, shop,
          kennysheep_nub, kennysheep_small_square
D:8:      layout_loops_cross, lemuel_doored_altar
Temple:   regret_index_temple_generic_petals

Skill      XL: |  1  2  3  4  5  6  7  8  9 10 |
---------------+-------------------------------+-----
Shields        | 4 |  4.0
Maces & Flails | 3 4 6 7 8 11 13 14 | 14.0
Throwing       | 2 |  2.6
Fighting       | 4 |  4.8
Armour         | 4 |  4.8

Action                   |  1- 3 |  4- 6 |  7- 9 | 10-12 || total
-------------------------+-------+-------+-------+-------++-------
Melee: Flail             |   121 |   147 |   207 |       ||   475
       Mace              |       |       |   208 |   160 ||   368
Throw: Boomerang         |       |       |     5 |     1 ||     6
       Dart              |       |       |     2 |     3 ||     5
Evoke: Wand              |       |       |       |     3 ||     3
       Phantom mirror    |       |       |       |     1 ||     1
  Use: Scroll            |       |     6 |     7 |     1 ||    14
       Potion            |       |       |    11 |       ||    11
 Stab: Distracted        |       |       |     2 |       ||     2
Armor: Scale mail        |    65 |    66 |   193 |    82 ||   406
       Skin              |       |       |    36 |       ||    36
Dodge: Dodged            |    85 |    75 |   115 |    61 ||   336
Block: Buckler           |    41 |    31 |    73 |    25 ||   170

Table legend: (Time is in decaauts)
 A = Elapsed time spent in this place.
 B = Non-inter-level travel time spent in this place.
 C = Inter-level travel time spent in this place.
 D = Time resting spent in this place.
 E = Time spent auto-exploring this place.
 F = Levels seen in this place.
 G = Mean time per level.
                   A        B        C        D        E       F      G
               +--------+--------+--------+--------+--------+-----+--------+
         Total |  10876 |  10316 |    560 |   3180 |   5460 |   9 | 1208.4 |
       Dungeon |  10692 |  10162 |    530 |   3180 |   5315 |   8 | 1336.5 |
        Temple |    183 |    153 |     30 |      0 |    145 |   1 |  183.0 |
               +--------+--------+--------+--------+--------+-----+--------+

Top non-repeatable levels by time:
     D:7: 2795 daAuts
     D:5: 1595 daAuts
     D:6: 1529 daAuts
     D:3: 1475 daAuts
     D:4: 1293 daAuts
     D:1: 1101 daAuts
     D:2: 600 daAuts
     D:8: 300 daAuts
  Temple: 183 daAuts
